 Dungeon Crawl Stone Soup version 0.27-a0-531-gb72ec1a1b6 (webtiles) character file.

Game seed: 4848024152081981378

315 Morbidden the Conjurer (level 6, -4/39 HPs)
             Began as an Octopode Conjurer on Mar 5, 2021.
             Was a Follower of Vehumet.
             Slain by an orc wizard
             ... wielding a +0 hand axe
              (5 damage)
             ... on level 4 of the Dungeon.
             The game lasted 00:04:42 (4573 turns).

Morbidden the Conjurer (Octopode Conjurer)          Turns: 4573, Time: 00:04:43

Health: -4/39      AC:  1    Str: 12    XL:     6   Next: 44%
Magic:  5/11       EV: 12    Int: 23    God:    Vehumet [*.....]
Gold:   145        SH:  0    Dex: 10    Spells: 8/11 levels left

rFire    . . .     SeeInvis .   (no weapon)
rCold    . . .     Faith    .   k - +0 buckler
rNeg     . . .     Spirit   .   (helmet restricted)
rPois    .         Reflect  .   (no amulet)
rElec    .         Harm     .   b - +6 ring of strength
rCorr    .         Rampage  .   (no ring)
Will     .....                  (no ring)
Stlth    ++........             (no ring)
HPRegen  0.13/turn              (no ring)
MPRegen  0.12/turn              (no ring)
                                (no ring)
                                (no ring)

@: confused, attractive, very slightly contaminated, invisible
A: almost no armour, amphibious, 8 rings, constrict 8, camouflage 1, gelatinous
body 1, nimble swimmer 1
a: Renounce Religion


You were on level 4 of the Dungeon.
You worshipped Vehumet.
Vehumet was aware of your devotion.
You visited 1 branch of the dungeon, and saw 4 of its levels.

You collected 145 gold pieces.

Inventory:

Missiles
 f - 25 poisoned darts (quivered)
Armour
 k - a +0 buckler (worn)
Jewellery
 b - a +6 ring of strength (left tentacle)
Wands
 n - a wand of flame (5)
Scrolls
 c - 3 scrolls of fog {unknown}
 d - a scroll of enchant armour {unknown}
 e - 2 scrolls of enchant weapon {unknown}
 g - 4 scrolls of identify {unknown}
 h - a scroll of random uselessness {unknown}
 i - a scroll of magic mapping {unknown}
 j - a scroll of immolation {unknown}
 m - a scroll of noise {unknown}
Potions
 o - a potion of haste {unknown}


   Skills:
 * Level 1.9 Fighting
 + Level 0.4 Throwing
 * Level 2.5 Dodging
 + Level 4.2 Stealth
 * Level 0.8 Shields
 + Level 0.1 Unarmed Combat
 * Level 3.3 Spellcasting
 * Level 5.5 Conjurations


You had 8 spell levels left.
You knew the following spells:

 Your Spells              Type           Power      Damage    Failure   Level
a - Magic Dart            Conj           100%       1d8       1%          1
b - Searing Ray           Conj           58%        3d5       2%          2

Your spell library contained the following spells:

 Spells                   Type           Power      Damage    Failure   Level
 Freeze                   Ice            12%        1d4       17%         1
 Dazzling Flash           Conj/Hex       32%        N/A       16%         3
 Fulminant Prism          Conj/Hex       8%         3d7       47%         4
 Iskenderun's Mystic Bla  Conj/Tloc      16%        2d5       47%         4


Dungeon Overview and Level Annotations

Branches:
Dungeon (4/15)
 Temple: D:4-7

Altars:
Sif Muna
Uskayaw
Vehumet
Wu Jian
Zin


Innate Abilities, Weirdness & Mutations

You cannot wear most types of armour.
You are amphibious.
You can wear up to eight rings at the same time.
You can use your tentacles to constrict eight enemies at once.
Your skin changes colour to match your surroundings (Stealth+).
Your rubbery body absorbs attacks. (AC +1, EV +1)
You are stealthy while swimming. (Stealth+)


Message History

Casting: Searing Ray (safe; 2% risk of failure)
Confirm with . or Enter, or press ? or * to list all spells.
Aiming: Searing Ray (safe; 2% risk of failure)
Press: ? - help, Shift-Dir - straight line, f - orc
Aim: an orc, wielding a +0 dagger (21% to evade)
The searing ray hits the orc.
The orc is almost dead. (Press . to maintain the ray.) Unknown command.
The searing ray hits the orc!
You kill the orc!
Vehumet accepts your kill.
You hear some strange, mumbled words.
You are confused.
You hear some strange, mumbled words.
You are more confused.
Unknown command.
Unknown command.
You bump into the rock wall.
You miss something. Your squeeze misses something. Something hits you.
You bump into the rock wall.
Something hits you.
You barely miss something.
You hear some strange, mumbled words.
You are more confused.
You miss something. Something hits you.
You bump into the rock wall.
Something hits you.
You bump into the rock wall.
Something hits you!
* * * LOW HITPOINT WARNING * * *
You miss something. Your squeeze misses something. Something hits you!
* * * LOW HITPOINT WARNING * * *
Unknown command.
Unknown command.
It was a potion of invisibility.
You fade into invisibility!
You are very lightly contaminated with residual magic.
Unknown command.
It was a potion of attraction.
You feel attractive to monsters. Something hits you.
You die...

#.#
#.#
#.#
###.#
#...#
#.###
#.#
#)#
#@#
#.#
#)#
#)#
#..
###


There were no monsters in sight!

Vanquished Creatures
  2 orc priests
  Crazy Yiuf (D:2)
  Jessica (D:3)
  2 orc wizards
  5 adders
  An ooze (D:2)
  5 worms
  2 dart slugs (D:1)
  A leopard gecko (D:2)
  8 orcs
  3 ball pythons
  8 bats
  5 giant cockroaches
  9 goblins
  8 hobgoblins
  2 jackals (D:2)
  2 quokkas (D:2)
  3 frilled lizards
  4 kobolds
  13 rats
85 creatures vanquished.

Vanquished Creatures (others)
  12 plants (D:3)
  4 toadstools (D:1)
16 creatures vanquished.

Grand Total: 101 creatures vanquished

Notes
Turn   | Place    | Note
-------+----------+-------------------------------------------
     0 | D:1      | Morbidden the Octopode Conjurer began the quest for the
                  | Orb.
     0 | D:1      | Reached XP level 1. HP: 11/11 MP: 3/3
   507 | D:1      | Reached XP level 2. HP: 17/17 MP: 1/5
  1089 | D:1      | Reached XP level 3. HP: 22/22 MP: 3/6
  1498 | D:1      | Learned a level 2 spell: Searing Ray
  2151 | D:2      | Reached XP level 4. HP: 27/27 MP: 4/7
  2213 | D:2      | Found a radiant altar of Vehumet.
  2220 | D:2      | Became a worshipper of Vehumet
  2298 | D:2      | Found a runed translucent door.
  2299 | D:2      | Noticed Crazy Yiuf
  2484 | D:2      | Reached skill level 5 in Conjurations
  2933 | D:2      | Killed Crazy Yiuf
  3157 | D:2      | Reached skill level 1 in Fighting
  3406 | D:3      | Found a hide-covered altar of Uskayaw.
  3420 | D:3      | Reached XP level 5. HP: 33/33 MP: 4/8
  3479 | D:3      | Noticed Jessica
  3605 | D:3      | Killed Jessica
  3866 | D:3      | Found an ornate altar of the Wu Jian Council.
  3942 | D:3      | Reached * piety under Vehumet
  3942 | D:3      | Offered knowledge of Freeze by Vehumet.
  4079 | D:3      | Reached XP level 6. HP: 39/39 MP: 4/10
  4302 | D:3      | Found a shimmering blue altar of Sif Muna.
  4406 | D:4      | Found a glowing silver altar of Zin.
  4571 | D:4      | HP: 1/39 [something (8)]
  4573 | D:4      | Slain by an orc wizard

Illustrated notes

Levels and vault maps discovered:
D:1:      ldierk_water_garden, layout_basic, serial_aquarium,
          aquarium_bridge_square [aquarium_subvault_window,
          aquarium_subvault_wall, aquarium_subvault_window,
          aquarium_subvault_bridge], aquarium_window_fake, aquarium_window_1,
          aquarium_view_2f, aquarium_view_2c, aquarium_balcony_5a
D:2:      layout_loops_ring, vehumet_crystals, minmay_misc_feat_iff,
          minmay_pentomino_pile, uniq_crazy_yiuf_cottage
D:3:      layout_basic, lemuel_crystal_altar, general_overflow_altar,
          overflow_temple_1_default, serial_bayou_pond_c, uniq_jessica
D:4:      layout_loops_ring, zin_academy, gammafunk_temple_overflow_wave,
          gammafunk_ghost_necromancy

Skill      XL: |  1  2  3  4  5 |
---------------+----------------+-----
Stealth        | 3 4 |  4.2
Conjurations   | 5 |  5.5
Fighting       | 1 |  1.9
Spellcasting   | 3 |  3.3
Throwing       | |  0.4
Dodging        | |  2.5
Shields        | |  0.8
Unarmed Combat | |  0.1

Action                   |  1- 3 |  4- 6 || total
-------------------------+-------+-------++-------
Melee: Unarmed           |     1 |    34 ||    35
       Constrict         |     1 |     6 ||     7
       Tentacles         |       |     2 ||     2
Throw: Dart              |       |     7 ||     7
 Cast: Magic Dart        |    64 |    84 ||   148
       Searing Ray       |     2 |    14 ||    16
  Use: Potion            |       |     2 ||     2
Armor: Skin              |       |     6 ||     6
Dodge: Dodged            |     1 |    28 ||    29
Block: Buckler           |       |     1 ||     1

Table legend: (Time is in decaauts)
 A = Elapsed time spent in this place.
 B = Non-inter-level travel time spent in this place.
 C = Inter-level travel time spent in this place.
 D = Time resting spent in this place.
 E = Time spent auto-exploring this place.
 F = Levels seen in this place.
 G = Mean time per level.
                   A        B        C        D        E       F      G
               +--------+--------+--------+--------+--------+-----+--------+
         Total |   4575 |   4509 |     66 |    341 |   3778 |   4 | 1143.8 |
       Dungeon |   4575 |   4509 |     66 |    341 |   3778 |   4 | 1143.8 |
               +--------+--------+--------+--------+--------+-----+--------+

Top non-repeatable levels by time:
     D:2: 1837 daAuts
     D:1: 1669 daAuts
     D:3: 866 daAuts
     D:4: 202 daAuts
